[Event "ISR-chT 2020"]
[Site "Israel"]
[Date "2020.01.10"]
[Round "1.6"]
[White "Lavi, Idan"]
[Black "Iliaguev, Nisim"]
[Result "0-1"]
[ECO "B10"]
[WhiteElo "2095"]
[BlackElo "2289"]
[Annotator "RC"]
[PlyCount "100"]
[EventDate "2020.01.10"]
[EventType "team-tourn"]
[EventCountry "ISR"]
[SourceTitle "playchess.com"]
[Source "ChessBase"]
[SourceQuality "1"]
[TimeControl "40/5400+30:1800+30"]

1. e4 c6 2. Bc4 d5 3. Bb3 g6 4. e5 c5 5. c3 c4 6. Bc2 Nc6 7. f4 Nh6 8. Nf3 Qb6 9. d4 cxd3 10. Bxd3 Bf5 11. Bxf5 Nxf5 12. Qxd5 e6 13. Qb3 Qc5 14. Na3 Ne3 15. Nd4 Nxd4 16. cxd4 Qb4+ 17. Qxb4 Bxb4+ 18. Kf2 Nd5 19. Nc2 Rc8 20. Nxb4 Nxb4 21. Rd1 Rc2+ 22. Kf3 Kd7 23. Be3 Rhc8 24. a3 Nd5 25. Rab1 R8c4 26. h3 b5 27. g3 Kc6 28. Bf2 a6 29. Be3 a5 30. Bf2 Ne7 31. g4 Kd5 32. Be1 Nc6 33. b3 Rxd4 34. Bf2 Rc3+ 35. Kg2 Rxd1 36. Rxd1+ Ke4 37. a4 b4 38. Rd7 Kxf4 39. Rxf7+ Kxe5 40. Bg3+ Ke4 41. Rxh7 Rxb3 42. h4 Rb2+ 43. Kh3 b3 44. h5 gxh5 45. gxh5 Rb1 46. Rb7 b2 47. h6 Nb4 48. h7 Rh1+ 49. Bh2 b1=Q 50. h8=Q Qf1+ 0-1

[Event "ISR-chT 2020"]
[Site "Israel"]
[Date "2020.01.10"]
[Round "1.13"]
[White "Sutovsky, Emil"]
[Black "Gorodetzky, David"]
[Result "1-0"]
[ECO "B12"]
[WhiteElo "2643"]
[BlackElo "2486"]
[Annotator "ChessBase"]
[PlyCount "89"]
[EventDate "2020.01.10"]
[EventType "team-tourn"]
[EventCountry "ISR"]
[SourceTitle "playchess.com"]
[Source "ChessBase"]
[SourceQuality "1"]
[TimeControl "40/5400+30:1800+30"]

1. e4 c6 2. d4 d5 3. e5 c5 4. dxc5 e6 5. Nf3 Bxc5 6. Bd3 Nc6 7. a3 Nge7 8. b4 Bb6 9. Bb2 Ng6 10. O-O O-O 11. g3 f6 12. exf6 gxf6 13. c4 dxc4 14. Bxc4 Qxd1 15. Rxd1 Kg7 16. Be2 e5 17. Nc3 Bg4 18. Nd2 Be6 19. Nb5 a6 20. Nd6 Bd4 21. Bxd4 Nxd4 22. Bc4 Bg4 23. Rdc1 b5 24. Bf1 Ra7 25. a4 Rd8 26. N6e4 bxa4 27. Nc5 Nc6 28. Nc4 Nxb4 29. Na5 Bd7 30. Rab1 Na2 31. Rc4 Kh6 32. Nab7 Rb8 33. Bg2 Bc8 34. Rb2 f5 35. Rxa2 Bxb7 36. Bxb7 Raxb7 37. Nxb7 Rxb7 38. Rcxa4 e4 39. Rxa6 Kg5 40. Kg2 Rf7 41. R2a5 Kh6 42. Ra7 Rf8 43. Rb7 f4 44. g4 Nh4+ 45. Kh3 1-0

[Event "ISR-chT 2020"]
[Site "Israel"]
[Date "2020.01.10"]
[Round "1.23"]
[White "Friedland, Moshe"]
[Black "Kobo, Ori"]
[Result "0-1"]
[ECO "C02"]
[WhiteElo "2257"]
[BlackElo "2445"]
[Annotator "RC"]
[PlyCount "84"]
[EventDate "2020.01.10"]
[EventType "team-tourn"]
[EventCountry "ISR"]
[SourceTitle "playchess.com"]
[Source "ChessBase"]
[SourceQuality "1"]
[TimeControl "40/5400+30:1800+30"]

1. e4 e6 2. d4 d5 3. e5 c5 4. c3 Nc6 5. Nf3 Bd7 6. Na3 f6 7. Bd3 cxd4 8. cxd4 Bb4+ 9. Bd2 Qb6 10. O-O fxe5 11. Nxe5 Nxe5 12. dxe5 Ne7 13. Bg5 Nc6 14. Qh5+ Kf8 15. Bxh7 Be8 16. Qh4 Bf7 17. Nc2 Be7 18. Bf6 gxf6 19. Qh6+ Ke8 20. Qg7 Rf8 21. exf6 Qxb2 22. Rab1 Qxf6 23. Qg3 Rh8 24. Bd3 Ne5 25. Rxb7 Rg8 26. Bb5+ Kf8 27. Qe3 Qg6 28. g3 Qh5 29. Be2 Ng4 30. Bxg4 Rxg4 31. Rxa7 Rxa7 32. Qxa7 Rg8 33. Qb8+ Kg7 34. Qf4 Rh8 35. h4 Qg6 36. Ne3 Rxh4 37. Qc7 Bf6 38. Ng2 Rh8 39. Nf4 Qe4 40. f3 Qe3+ 41. Kg2 Bd4 42. Rd1 Qf2# 0-1

[Event "ISR-chT 2020"]
[Site "Israel"]
[Date "2020.01.10"]
[Round "1.30"]
[White "Oratovsky, Michael"]
[Black "Gorshtein, Ido"]
[Result "0-1"]
[ECO "B15"]
[WhiteElo "2434"]
[BlackElo "2372"]
[Annotator "RC"]
[PlyCount "60"]
[EventDate "2020.01.10"]
[EventType "team-tourn"]
[EventCountry "ISR"]
[SourceTitle "playchess.com"]
[Source "ChessBase"]
[SourceQuality "1"]
[TimeControl "40/5400+30:1800+30"]

1. e4 c6 2. d4 d5 3. Nd2 dxe4 4. Nxe4 Nf6 5. Nxf6+ exf6 6. c3 Bd6 7. Bd3 O-O 8. Ne2 Re8 9. O-O Qc7 10. Ng3 Nd7 11. Nf5 Nf8 12. Nxd6 Qxd6 13. Qf3 Ng6 14. Be3 Be6 15. Rfe1 Re7 16. Qg3 Qd7 17. c4 Bf5 18. Be2 Rae8 19. Red1 Be4 20. Rac1 Qf5 21. d5 cxd5 22. cxd5 h5 23. d6 Rd7 24. Rc5 Re5 25. Rxe5 fxe5 26. Bxa7 Nf4 27. Bf1 Bxg2 28. Be3 Bxf1 29. Kxf1 Rxd6 30. Qf3 Qh3+ 0-1

[Event "ISR-chT 2020"]
[Site "Israel"]
[Date "2020.01.18"]
[Round "4.1"]
[White "Tal, Baron"]
[Black "Emil, Sutovsky"]
[Result "0-1"]
[ECO "B66"]
[WhiteElo "2529"]
[BlackElo "2643"]
[Annotator "ChessBase"]
[PlyCount "62"]
[EventDate "2020.01.10"]
[EventType "team-tourn"]
[EventCountry "ISR"]
[SourceTitle "playchess.com"]
[Source "ChessBase"]
[SourceQuality "1"]
[TimeControl "40/5400+30:1800+30"]

1. e4 c5 2. Nf3 Nc6 3. d4 cxd4 4. Nxd4 Nf6 5. Nc3 d6 6. Bg5 e6 7. Qd2 a6 8. O-O-O h6 9. Nxc6 bxc6 10. Bf4 d5 11. Qe3 Be7 12. Be2 O-O 13. e5 Nh7 14. h4 Rb8 15. Rd3 Kh8 16. g4 c5 17. Qd2 d4 18. Nd1 Qd5 19. Bf3 Qxa2 20. Ra3 Qc4 21. g5 Bb7 22. gxh6 g6 23. Be2 Qd5 24. Rg1 c4 25. Ra4 Rfc8 26. Bg3 Qb5 27. Ra1 Be4 28. Qxd4 Bxc2 29. Kxc2 Qb3+ 30. Kc1 c3 31. bxc3 Rd8 0-1

[Event "ISR-chT 2020"]
[Site "Israel"]
[Date "2020.01.18"]
[Round "4.3"]
[White "Danny, Raznikov"]
[Black "Alexander, Moiseenko"]
[Result "1/2-1/2"]
[ECO "D30"]
[WhiteElo "2506"]
[BlackElo "2620"]
[Annotator "ChessBase"]
[PlyCount "73"]
[EventDate "2020.01.10"]
[EventType "team-tourn"]
[EventCountry "ISR"]
[SourceTitle "playchess.com"]
[Source "ChessBase"]
[SourceQuality "1"]
[TimeControl "40/5400+30:1800+30"]

1. d4 Nf6 2. c4 e6 3. Nf3 d5 4. e3 a6 5. Nbd2 b6 6. b3 Bb7 7. Bb2 Bd6 8. Bd3 O-O 9. O-O Ne4 10. Rc1 f5 11. cxd5 exd5 12. Ne5 Bxe5 13. dxe5 c5 14. f3 Nxd2 15. Qxd2 Nc6 16. Be2 a5 17. Rfd1 Ne7 18. f4 Qd7 19. Bf3 Qe6 20. h3 Rfd8 21. g4 Bc6 22. Qg2 Rac8 23. Rd2 Rd7 24. Rcd1 Rcd8 25. Kh2 Rf8 26. Rd3 Rfd8 27. Bc3 Rf8 28. Be1 Qh6 29. gxf5 Nxf5 30. Bf2 Ne7 31. Bg3 Nf5 32. Bf2 Ne7 33. Qg4 Kh8 34. Rg1 Nf5 35. Rgd1 Ne7 36. Bg3 Nf5 37. Bf2 1/2-1/2

[Event "ISR-chT 2020"]
[Site "Israel"]
[Date "2020.01.18"]
[Round "4.4"]
[White "Or, Bronstein"]
[Black "Vitali, Golod"]
[Result "1/2-1/2"]
[ECO "D80"]
[WhiteElo "2428"]
[BlackElo "2503"]
[Annotator "ChessBase"]
[PlyCount "47"]
[EventDate "2020.01.10"]
[EventType "team-tourn"]
[EventCountry "ISR"]
[SourceTitle "playchess.com"]
[Source "ChessBase"]
[SourceQuality "1"]
[TimeControl "40/5400+30:1800+30"]

1. d4 Nf6 2. c4 g6 3. Nc3 d5 4. e3 Bg7 5. cxd5 Nxd5 6. Nxd5 Qxd5 7. Ne2 O-O 8. Nc3 Qd8 9. Be2 c6 10. O-O e5 11. dxe5 Bxe5 12. e4 Qh4 13. f4 Rd8 14. Qe1 Bd4+ 15. Kh1 Qxe1 16. Rxe1 f5 17. Rd1 c5 18. Nb5 Nc6 19. e5 Rb8 20. Nxd4 Nxd4 21. Bc4+ Be6 22. Bxe6+ Nxe6 23. Be3 Kf7 24. Kg1 1/2-1/2

[Event "ISR-chT 2020"]
[Site "Israel"]
[Date "2020.01.18"]
[Round "4.6"]
[White "Alexander, Kaspi"]
[Black "Roman, Bar"]
[Result "1/2-1/2"]
[ECO "B51"]
[WhiteElo "2456"]
[BlackElo "2498"]
[Annotator "RC"]
[PlyCount "47"]
[EventDate "2020.01.10"]
[EventType "team-tourn"]
[EventCountry "ISR"]
[SourceTitle "playchess.com"]
[Source "ChessBase"]
[SourceQuality "1"]
[TimeControl "40/5400+30:1800+30"]

1. e4 c5 2. Nf3 d6 3. Bb5+ Nd7 4. Ba4 Ngf6 5. O-O a6 6. c4 e5 7. d3 h6 8. Nc3 Be7 9. Nh4 g6 10. Nf3 Kf8 11. Rb1 Kg7 12. Bd2 Nb8 13. b4 cxb4 14. Rxb4 Nc6 15. Rb2 Nd7 16. Be3 Nc5 17. Bxc6 bxc6 18. d4 Nd7 19. Qa4 Qc7 20. d5 c5 21. Rfb1 Ra7 22. Bd2 Bd8 23. Qc6 f5 24. Qxc7 1/2-1/2